 Dungeon Crawl Stone Soup version 0.30-a0-12-gd8047c6341 (webtiles) character file.

Game seed: 14338534013252833331

287 Sobieck the Shooter (level 6, -3/30 HPs)
             Began as a Vine Stalker Hunter on Aug 23, 2022.
             Slain by an orc priest
             ... wielding a +0 flail
              (6 damage)
             ... on level 3 of the Dungeon.
             The game lasted 00:05:10 (2500 turns).

Sobieck the Shooter (Vine Stalker Hunter)           Turns: 2500, Time: 00:05:11

Health: -3/30      AC:  4    Str: 13    XL:     6   Next: 30%
Magic:  0/7        EV: 12    Int:  9    God:
Gold:   55         SH:  0    Dex: 20    Spells: 5/5 levels left

rFire   . . .      SeeInvis .    b - +0 short sword {short}
rCold   . . .      Faith    .    (no shield)
rNeg    . . .      Spirit   +    c - +0 leather armour
rPois   .          Reflect  .    (no helmet)
rElec   .          Harm     .    q - +0 cloak
rCorr   .          Rampage  .    (no gloves)
Will    .....                    (no boots)
Stlth   ++........               s - amulet of the acrobat
HPRegen 0.90/turn                (no ring)
MPRegen 0.10/turn                (no ring)

@: no status effects
A: fangs 2, regeneration 1, magic shield, antimagic bite, no potion heal 2
a: no special abilities


You were on level 3 of the Dungeon.
You visited 1 branch of the dungeon, and saw 4 of its levels.

You collected 143 gold pieces.
You spent 88 gold pieces at shops.


Innate Abilities, Weirdness & Mutations

You have extremely sharp teeth.
Your natural rate of healing is unusually fast.
When hurt, damage is shared between your health and your magic reserves.
Your bite disrupts and absorbs the magic of your enemies.
Potions cannot restore your health.


   Skills:
 - Level 1.7 Fighting
 + Level 6.7 Ranged Weapons
 - Level 1.5 Dodging
 - Level 1.2 Stealth


You had 5 spell levels left.
You didn't know any spells.
Your spell library contained the following spells:

 Spells                   Type           Power      Damage    Failure   Level
 Beastly Appendage        Tmut           0%         N/A       45%         1
 Wereblood                Tmut           0%         N/A       61%         2
 Spider Form              Tmut/Pois      0%         N/A       83%         3

Inventory:

Hand Weapons
 a - a +0 shortbow {bow}
 b - a +0 short sword (weapon) {short}
   (You took it off a kobold on level 1 of the Dungeon)
 k - a +4 flail of protection {mace}
   (You took it off Edmund on level 4 of the Dungeon)
 r - a +4 whip {mace}
   (You took it off a kobold on level 1 of the Dungeon)
Missiles
 g - 26 stones {throwing}
Armour
 c - a +0 leather armour (worn)
 d - a +0 ring mail
   (You took it off Edmund on level 4 of the Dungeon)
 e - a +0 leather armour
   (You found it on level 1 of the Dungeon)
 h - a +0 ring mail
   (You found it on level 2 of the Dungeon)
 j - a +0 leather armour
   (You found it on level 2 of the Dungeon)
 q - a +0 cloak (worn)
   (You found it on level 1 of the Dungeon)
 w - a +0 ring mail
   (You found it on level 2 of the Dungeon)
 x - a +0 leather armour
   (You found it on level 2 of the Dungeon)
 z - a +0 leather armour
   (You found it on level 3 of the Dungeon)
Jewellery
 s - an amulet of the acrobat (around neck)
   (You found it on level 1 of the Dungeon)
 u - an amulet of faith {!P}
   (You found it on level 2 of the Dungeon)
Scrolls
 f - 2 scrolls of teleportation {@r4}
 n - a scroll of immolation {!r!r}
 o - 3 scrolls of silence {!r}
 y - a scroll of noise {unknown}
Potions
 i - 2 potions of heal wounds {unknown}
 m - a potion of haste {unknown}
 p - 2 potions of degeneration {unknown}
 t - a potion of lignification {unknown}
 v - a potion of might {unknown}
 A - 2 potions of curing {@q1}
 C - a potion of mutation {unknown}

Dungeon Overview and Level Annotations

Branches:
Dungeon (4/15) Zot: 21453
 Temple: D:4-7

Altars:

Shops:
D:1 :   D:3 (!=

Annotations:
D:3 Terence

#...# #######..# #..
###.####
##########..##### #....#
#..............##
####.####..###@###.......
#.##....###.# #.#.#.##
#.##...∩....# #.#.#...
#.##.##.....###.#.####
#....##..##.....#.#
.#####o@#..########.#
+.......oJ........##.#
#.######[########.##.#
#.............####
##########........
#########


You could see an orc priest, an orc and an endoplasm.


Message History

b - a +0 short sword (weapon)
{short} An endoplasm comes into view.
The orc wizard points at you and mumbles some strange words.
You easily resist.
You closely miss the orc wizard.
The orc wizard shouts!
You bite the orc wizard, but do no damage.
The orc wizard points at you and mumbles some strange words.
You are confused.
The orc priest shouts!
The orc wizard completely misses you.
The orc shouts!
Unknown command.
You hit the orc wizard but do no damage.
Your bite misses the orc wizard.
The orc priest looks encouraged for a moment.
The orc wizard casts a spell at you. The magic dart hits you!
Unknown command.
The orc wizard attacks as you move away!
The orc wizard hits you but does no damage.
The orc wizard barely misses you.
Unknown command.
You closely miss the orc wizard.
You feel less confused.
The orc priest looks braver for a moment.
The orc wizard casts a spell at you.
You are confused.
The orc wizard hits you with a +0 dagger.
The orc wizard closely misses you.
Unknown command.
The orc priest attacks as you move away!
The orc priest misses you. The endoplasm attacks as you move away!
The endoplasm barely misses you.
The orc wizard casts a spell.
The orc wizard flickers and vanishes!
Deactivating autopickup; reactivate with Ctrl-A.
The orc wizard completely misses you.
Unknown command.
The orc wizard attacks as you move away!
The orc wizard hits you with a +0 dagger.
The orc wizard mumbles some strange words.
The orc wizard flickers and vanishes!
Things that are here:
a +0 dagger {short}; a +0 robe; an orc corpse You bump into the rock wall.
The endoplasm hits you.
The orc priest hits you with a +0 flail!
Unknown command.
You feel less confused. The endoplasm completely misses you.
A magic dart appears from out of thin air!
The magic dart hits something.
Unknown command.
Danger!
Unknown command.
The endoplasm attacks as you move away!
The endoplasm hits you but does no damage.
The orc attacks as you move away! The orc closely misses you.
The orc priest calls down the wrath of Beogh upon you.
Beogh smites you!
* * * LOW HITPOINT WARNING * * *
There is a stone staircase leading up, spattered with blood here.
Unknown command.
The endoplasm completely misses you. The orc hits you with a +0 club.
* * * LOW HITPOINT WARNING * * *
You climb upwards.
Level annotation: Terence Reactivating autopickup.
There is a stone staircase leading down here.
Unknown command.
Unknown command.
You hit the orc priest. The endoplasm closely misses you.
The orc priest barely misses you. The orc closely misses you.
You hit the orc priest but do no damage.
Your bite misses the orc priest. The endoplasm freezes you.
You are frozen.
* * * LOW HITPOINT WARNING * * *
The orc hits you but does no damage. The orc priest closely misses you.
You completely miss the orc priest.
The orc priest hits you with a +0 flail!
* * * LOW HITPOINT WARNING * * *
The endoplasm barely misses you. The orc barely misses you.
Unknown command.
You hit the orc priest but do no damage.
You bite the orc priest, but do no damage.
The endoplasm hits you but does no damage.
The orc priest hits you with a +0 flail.
* * * LOW HITPOINT WARNING * * *
The orc hits you with a +0 club.
* * * LOW HITPOINT WARNING * * *
Okay, then.
Unknown command.
You hit the orc priest. Your bite misses the orc priest.
The endoplasm freezes you.
You are frozen.
* * * LOW HITPOINT WARNING * * *
The orc hits you but does no damage.
The orc priest hits you with a +0 flail.
You die...

Skill      XL: |  1  2  3  4  5 |
---------------+----------------+-----
Ranged Weapons | 4 5 6 |  6.7
Fighting       | |  1.7
Dodging        | |  1.5
Stealth        | |  1.2

Action                   |  1- 3 |  4- 6 || total
-------------------------+-------+-------++-------
Melee: Short sword       |     2 |    28 ||    30
       Bite              |       |    10 ||    10
 Fire: Shortbow          |    64 |    64 ||   128
  Use: Scroll            |       |     6 ||     6
       Potion            |       |     1 ||     1
Armor: Leather armour    |     3 |    14 ||    17
Dodge: Dodged            |     9 |    44 ||    53

Levels and vault maps discovered:
D:1:      dpeg_arrival_solitude, layout_loops_ring, kennysheep_another_room,
          minivault_26, chequers_serial_rivers_small_b, nicolae_shop_vocational
D:2:      layout_basic, ebering_ecumenical_altar_abandoned
D:3:      layout_loops_ring, mainiacjoe_overflow_big_doors,
          gammafunk_ghost_cemetery, serial_shops, nicolae_shop_hallway_stairs,
          nicolae_square_shop, shop, uniq_terence
D:4:      layout_cave_pools, fedhas_altar_3,
          yredelemnul_forgotten_temple_becter, serial_shops, nicolae_shop_trees,
          shop, shop, nicolae_shop_behind_doors, uniq_edmund

Notes
Turn   | Place    | Note
-------+----------+-------------------------------------------
     0 | D:1      | Sobieck the Vine Stalker Hunter began the quest for the
                  | Orb.
     0 | D:1      | Reached XP level 1. HP: 11/11 MP: 2/2
    18 | D:1      | Found Uranocab's Vocational Training.
    42 | D:1      | Reached skill level 4 in Ranged Weapons
    42 | D:1      | Reached XP level 2. HP: 12/15 MP: 3/3
    89 | D:1      | You fall into a shaft and drop 1 floor!
   112 | D:2      | You pick up a book of Changes and begin reading...
   112 | D:2      | You add the spells Beastly Appendage, Wereblood and Spider
                  | Form to your library.
   604 | D:1      | Reached XP level 3. HP: 18/18 MP: 4/4
  1161 | D:2      | Found a faded altar of an unknown god.
  1600 | D:3      | Reached skill level 5 in Ranged Weapons
  1600 | D:3      | Gained mutation: Your natural rate of healing is unusually
                  | fast. [Vine Stalker growth]
  1600 | D:3      | Reached XP level 4. HP: 22/23 MP: 5/5
  1802 | D:3      | Found Faaraepn's Distillery.
  1810 | D:3      | Bought a potion of berserk rage for 55 gold pieces
  1810 | D:3      | Bought a potion of curing for 33 gold pieces
  1933 | D:3      | Found Saadgh's Antique Weapon Shoppe.
  1962 | D:3      | Found Gonem's Jewellery Shop.
  1997 | D:3      | Reached XP level 5. HP: 16/26 MP: 3/6
  2085 | D:3      | Noticed Terence
  2224 | D:4      | HP: 4/26 [gnoll/+2 halberd of freezing[the player
                  | character] (3)]
  2304 | D:4      | Noticed Edmund
  2383 | D:4      | HP: 6/26 [Edmund/+4 flail of protection (5)]
  2384 | D:4      | HP: 2/26 [Edmund/+4 flail of protection (5)]
  2386 | D:4      | Killed Edmund
  2387 | D:4      | Reached skill level 6 in Ranged Weapons
  2387 | D:4      | Reached XP level 6. HP: 6/30 MP: 0/7
  2498 | D:3      | HP: 5/30 [orc priest/+0 flail (7)]
  2500 | D:3      | Slain by an orc priest

Vanquished Creatures
  Edmund (D:4)
  2 hounds (D:3)
  An iguana (D:3)
  An orc wizard (D:4)
  An adder (D:3)
  3 dart slugs
  3 orcs
  4 ball pythons
  7 endoplasms
  5 giant cockroaches
  5 goblins
  3 hobgoblins
  A quokka (D:1)
  2 bats (D:1)
  A frilled lizard (D:2)
  10 kobolds
  4 rats
54 creatures vanquished.

Vanquished Creatures (others)
  4 fungi (D:4)
  A plant (D:4)
5 creatures vanquished.

Grand Total: 59 creatures vanquished

Table legend:
 A = Non-vault XP
 B = Vault XP
 C = Vault XP percentage of total XP
 D = Non-vault monster count
 E = Vault monster count
 F = Vault count percentage of total count
                 A         B        C        D         E       F
            +---------+---------+-------+---------+---------+-------
      Total |     257 |     154 |  37.5 |      53 |       1 |   1.9
            +---------+---------+-------+---------+---------+-------
        D:1 |      47 |       0 |   0.0 |      25 |       0 |   0.0
        D:2 |       9 |       0 |   0.0 |       7 |       0 |   0.0
        D:3 |     151 |       0 |   0.0 |      14 |       0 |   0.0
        D:4 |      50 |     154 |  75.5 |       7 |       1 |  12.5
            +---------+---------+-------+---------+---------+-------

Illustrated notes

Table legend:
 A = Kills in this place as a percentage of kills in entire the game.
 B = Kills by you in this place as a percentage of kills by you in the entire game.
 C = Kills by friends in this place as a percentage of kills by friends in the entire game.
 D = Other kills in this place as a percentage of other kills in the entire game.
 E = Experience gained in this place as a percentage of experience gained in the entire game.
 F = Experience gained in this place divided by the number of levels of this place that you have seen.
                   A       B       C       D       E      F
               +-------+-------+-------+-------+-------+----------------------
         Total | 100.0 | 100.0 |   N/A |   N/A | 100.0 | 102.8
       Dungeon | 100.0 | 100.0 |   N/A |   N/A | 100.0 | 102.8
               +-------+-------+-------+-------+-------+----------------------

Table legend: (Time is in decaauts)
 A = Elapsed time spent in this place.
 B = Non-inter-level travel time spent in this place.
 C = Inter-level travel time spent in this place.
 D = Time resting spent in this place.
 E = Time spent auto-exploring this place.
 F = Levels seen in this place.
 G = Mean time per level.
                   A        B        C        D        E       F      G
               +--------+--------+--------+--------+--------+-----+--------+
         Total |   2545 |   2322 |    223 |    150 |   1745 |   4 |  636.2 |
       Dungeon |   2545 |   2322 |    223 |    150 |   1745 |   4 |  636.2 |
               +--------+--------+--------+--------+--------+-----+--------+

Top non-repeatable levels by time:
     D:1: 928 daAuts
     D:3: 766 daAuts
     D:2: 719 daAuts
     D:4: 131 daAuts
